 Dungeon Crawl Stone Soup version 0.27-a0-887-gcab673c142 (webtiles) character file.

Game seed: 9994074911571126874

104 Schnaeble the Ducker (level 4, -12/41 HPs)
             Began as a Minotaur Monk on Apr 4, 2021.
             Killed from afar by Ijyb (13 damage)
             ... with a bolt of acid
             ... on level 3 of the Dungeon.
             The game lasted 00:02:50 (2167 turns).

Schnaeble the Ducker (Minotaur Monk)                Turns: 2167, Time: 00:02:51

Health: -12/41     AC:  5    Str: 16    XL:     4   Next: 52%
Magic:  3/3        EV: 12    Int:  7    God:
Gold:   43         SH:  0    Dex: 13    Spells: 3/3 levels left

rFire    . . .     SeeInvis .   a - +0 falchion
rCold    . . .     Faith    .   (no shield)
rNeg     . . .     Spirit   .   d - +0 ring mail
rPois    .         Reflect  .   (helmet restricted)
rElec    .         Harm     .   (no cloak)
rCorr    .         Rampage  .   (no gloves)
Will     .....                  (no boots)
Stlth    +.........             (no amulet)
HPRegen  0.13/turn              (no ring)
MPRegen  0.08/turn              (no ring)

@: no status effects
A: horns 2, retaliatory headbutt
a: no special abilities


You were on level 3 of the Dungeon.
You visited 1 branch of the dungeon, and saw 3 of its levels.

You collected 43 gold pieces.

Inventory:

Hand Weapons
 a - a +0 falchion (weapon)
Missiles
 f - a datura-tipped dart
 h - 2 boomerangs of dispersal (quivered)
Armour
 b - a +0 robe
 d - a +0 ring mail (worn)
Scrolls
 e - a scroll of identify {unknown}
 j - a scroll of magic mapping {unknown}
Potions
 c - a potion of lignification {unknown}
 g - a potion of heal wounds {unknown}
 i - a potion of might {unknown}
 k - a potion of haste {unknown}


   Skills:
 + Level 4.5 Fighting
 + Level 4.4 Long Blades
 * Level 4.8 Dodging
 - Level 1.5 Stealth


You had 3 spell levels left.
You didn't know any spells.
Your spell library contained the following spells:

 Spells                   Type           Power      Damage    Failure   Level
 Animate Skeleton         Necr           0%         N/A       65%         1
 Apportation              Tloc           0%         N/A       65%         1
 Corona                   Hex            0%         N/A       65%         1
 Magic Dart               Conj           0%         1d3       65%         1
 Summon Small Mammal      Summ           0%         N/A       65%         1
 Blink                    Tloc           N/A        N/A       80%         2
 Call Imp                 Summ           0%         N/A       80%         2
 Slow                     Hex            0%         N/A       80%         2
 Conjure Flame            Conj/Fire      0%         6-21      95%         3
 Mephitic Cloud           Conj/Pois/Air  0%         N/A       95%         3
 Chain Lightning          Conj/Air       0%         N/A       100%        8
 Lehudib's Crystal Spear  Conj/Erth      0%         10d2      100%        8
 Absolute Zero            Ice            0%         ∞         100%        9
 Fire Storm               Conj/Fire      0%         5d1       100%        9


Dungeon Overview and Level Annotations

Branches:
Dungeon (3/15)

Altars:

Annotations:
D:3 Ijyb


Innate Abilities, Weirdness & Mutations

You have a pair of horns on your head.
You reflexively headbutt those who attack you in melee.


Message History

You barely miss Ijyb. Your headbutt misses Ijyb.
Ijyb is lightly wounded.
Ijyb barely misses you.
You riposte.
You closely miss Ijyb.
Ijyb is lightly wounded.
Ijyb hits you with a +0 club.
You hit Ijyb. Your headbutt misses Ijyb.
Ijyb is moderately wounded.
Ijyb hits you with a +0 club.
You barely miss Ijyb. Your headbutt misses Ijyb.
Ijyb is moderately wounded.
Ijyb screams, "Die!"
Ijyb hits you but does no damage.
You barely miss Ijyb. Your headbutt misses Ijyb.
Ijyb is moderately wounded.
Ijyb hits you but does no damage.
You completely miss Ijyb.
Ijyb is moderately wounded.
Ijyb hits you with a +0 club.
You barely miss Ijyb.
Ijyb is moderately wounded.
Ijyb zaps a wand.
The bolt of acid hits you!!
Ouch! That really hurt!
* * * LOW HITPOINT WARNING * * *
You are splashed with acid!
* * * LOW HITPOINT WARNING * * *
Okay, then.
Throw: 4 boomerangs (disperse)
Press: ? - help, Q - select action, (/) - cycle Shift-Dir - straight line, f/p - Ijyb
Aim: Ijyb, wielding a +0 club, wearing a +0 ring mail and carrying a wand of acid (5) (moderately wounded, 55% to hit)
You throw a boomerang of dispersal.
The boomerang of dispersal closely misses Ijyb.
Ijyb hits you but does no damage.
Throw: 3 boomerangs (disperse)
Press: ? - help, Q - select action, (/) - cycle Shift-Dir - straight line, f/p - Ijyb
Aim: Ijyb, wielding a +0 club, wearing a +0 ring mail and carrying a wand of acid (5) (moderately wounded, 55% to hit)
You throw a boomerang of dispersal. The boomerang of dispersal hits Ijyb.
Ijyb blinks!
Ijyb is moderately wounded.
Ijyb zaps a wand.
The bolt of acid hits you!
You die...

#........##.###....
....................
#####################
#........
##.#####........
(..g............
.....S...# .....###.#
### ... #@# ..# . #.#
#.# #.# #.# # #.#
#.#.# #g#####.#.#####
#...)..........
#.#####)#.########
###.....#.#.......
#.#####.###.###.


You could see Ijyb.

Vanquished Creatures
  6 adders
  A worm (D:2)
  A dart slug (D:1)
  An orc (D:3)
  A ball python (D:1)
  3 endoplasms
  A giant cockroach (D:2)
  4 goblins
  3 hobgoblins
  3 jackals (D:2)
  A quokka (D:1)
  3 bats
  4 frilled lizards
  6 kobolds
  8 rats
46 creatures vanquished.

Notes
Turn   | Place    | Note
-------+----------+-------------------------------------------
     0 | D:1      | Schnaeble the Minotaur Monk began the quest for the Orb.
     0 | D:1      | Reached XP level 1. HP: 19/19 MP: 0/0
   150 | D:1      | Found Xuvvot Hiam's Book Boutique.
   365 | D:1      | Reached XP level 2. HP: 25/27 MP: 1/1
  1319 | D:2      | Reached XP level 3. HP: 19/33 MP: 2/2
  1719 | D:2      | Reached XP level 4. HP: 28/41 MP: 3/3
  2148 | D:3      | Noticed Ijyb
  2164 | D:3      | HP: 1/41 [acid (8)]
  2167 | D:3      | Killed from afar by Ijyb

Illustrated notes

Levels and vault maps discovered:
D:1:      minmay_arrival_jagged, layout_basic, serial_shops, nicolae_shop_stone,
          minmay_statues_item, minmay_box_of_dots
D:2:      layout_rooms, minmay_cupped
D:3:      minmay_wonky_spiral, layout_basic, lemuel_doored_altar, uniq_ijyb

Skill      XL: |  1  2 |
---------------+-------+-----
Fighting       | 4 |  4.5
Long Blades    | 4 |  4.4
Dodging        | 4 |  4.8
Stealth        | |  1.5

Action                   |  1- 3 |  4- 6 || total
-------------------------+-------+-------++-------
Melee: Falchion          |    75 |    28 ||   103
       Headbutt          |    14 |     6 ||    20
Throw: Boomerang         |       |     2 ||     2
       Dart              |       |     1 ||     1
  Use: Scroll            |       |     1 ||     1
 Stab: Sleeping          |     1 |       ||     1
Armor: Ring mail         |    21 |     9 ||    30
       Robe              |     1 |       ||     1
Dodge: Dodged            |    35 |    16 ||    51
       Rpst.: Falchion   |    13 |     8 ||    21

Table legend: (Time is in decaauts)
 A = Elapsed time spent in this place.
 B = Non-inter-level travel time spent in this place.
 C = Inter-level travel time spent in this place.
 D = Time resting spent in this place.
 E = Time spent auto-exploring this place.
 F = Levels seen in this place.
 G = Mean time per level.
                   A        B        C        D        E       F      G
               +--------+--------+--------+--------+--------+-----+--------+
         Total |   2176 |   2089 |     87 |      0 |   1820 |   3 |  725.3 |
       Dungeon |   2176 |   2089 |     87 |      0 |   1820 |   3 |  725.3 |
               +--------+--------+--------+--------+--------+-----+--------+

Top non-repeatable levels by time:
     D:1: 1254 daAuts
     D:2: 789 daAuts
     D:3: 132 daAuts
